 Dungeon Crawl Stone Soup version 0.21-a0-476-gd103f4b (webtiles) character file.

90 kae the Ruffian (level 4, -1/35 HPs)
             Began as a Draconian Transmuter on Nov 22, 2017.
             Slain by a centaur
             ... wielding a +0 hand axe
              (6 damage)
             ... on level 2 of the Dungeon.
             The game lasted 00:02:01 (2105 turns).

kae the Ruffian (Draconian Transmuter)              Turns: 2105, Time: 00:02:01

Health: -1/35      AC:  5    Str: 13    XL:     4   Next: 32%
Magic:  7/7        EV: 17    Int: 13    God:
Gold:   50         SH:  0    Dex: 17    Spells: 2/8 levels left

rFire    . . .     SeeInvis .   j - +1 dagger (venom)
rCold    . . .     Gourm    .   (no shield)
rNeg     . . .     Faith    .   (armour unavailable)
rPois    .         Spirit   .   (helmet restricted)
rElec    .         Reflect  .   (no cloak)
rCorr    .         Harm     .   (no gloves)
MR       .....                  (no boots)
Stlth    +++.......             (no amulet)
HPRegen  0.11/turn              e - ring of flight
MPRegen  0.10/turn              (no ring)

@: agile, very slightly contaminated
A: unfitting armour, cold-blooded, AC +5
a: Evoke Flight


You were on level 2 of the Dungeon.
You were very hungry.

You visited 1 branch of the dungeon, and saw 2 of its levels.

You collected 50 gold pieces.

Inventory:

Hand Weapons
 d - a +0 hand axe
 j - a +1 dagger of venom (weapon)
Missiles
 a - 12 arrows
Jewellery
 e - a ring of flight (left hand)
Scrolls
 l - a scroll of immolation {unknown}
 m - a scroll of identify
Potions
 h - a potion of mutation
 i - a potion of lignification
Books
 b - a book of Changes

   Spells                             Type                      Level
   a - Beastly Appendage              Transmutation                1
   b - Sticks to Snakes               Transmutation                2
   c - Spider Form                    Transmutation/Poison         3
   d - Ice Form                       Ice/Transmutation            4
   e - Blade Hands                    Transmutation                5
Comestibles
 c - 2 bread rations
 f - a meat ration


   Skills:
 - Level 1.1 Fighting
 - Level 1.7 Dodging
 * Level 4.0 Unarmed Combat
 + Level 2.6 Spellcasting
 * Level 3.2 Transmutations


You had 2 spell levels left.
You knew the following spells:

 Your Spells              Type           Power        Failure   Level  Hunger
a - Beastly Appendage     Tmut           ##....       6%          1    #......
b - Sticks to Snakes      Tmut           ##......     10%         2    ###....
c - Spider Form           Tmut/Pois      #.........   36%         3    ###....


Dungeon Overview and Level Annotations

Branches:
Dungeon (2/15)

Altars:
Ru


Innate Abilities, Weirdness & Mutations

Your plain brown scales are hard. (AC +5)
You cannot fit into any form of body armour.
You are cold-blooded and may be slowed by cold attacks.


Message History

* * * LOW HITPOINT WARNING * * *
The quokka completely misses you. Something hits you.
* * * LOW HITPOINT WARNING * * *
Your horns disappear.
The bat closely misses you. The quokka barely misses you. Something hits you.
* * * LOW HITPOINT WARNING * * *
You closely miss the quokka. The bat closely misses you.
Something barely misses you. The quokka bites you.
* * * LOW HITPOINT WARNING * * *
The bat misses you.
You hit the bat.
You kill the bat!
You feel less invigorated.
You feel less confused. Something hits you.
* * * LOW HITPOINT WARNING * * *
The quokka closely misses you. Something barely misses you.
The quokka barely misses you.
You barely miss the quokka. Something hits you.
You die...

###############
##......##.....#
......<.....'####
..##.......#..@#
####....#.r{#
#.####.)s....#
#.. #.# ###._.###
#..#####.# ......
#........#
..#...#
##..#####.#
..#...# ....# #.#
#######'.
#.(.#####.##....
..


You could see a quokka and a giant cockroach.

Vanquished Creatures
  An orc wizard (D:2)
  An adder (D:2)
  5 dart slugs
  A leopard gecko (D:1)
  A ball python (D:2)
  3 bats
  A giant cockroach (D:2)
  8 goblins
  8 hobgoblins
  3 jackals (D:1)
  3 kobolds
  3 frilled lizards (D:1)
  6 rats (D:1)
44 creatures vanquished.

Notes
Turn   | Place    | Note
-------+----------+-------------------------------------------
     0 | D:1      | kae the Draconian Transmuter began the quest for the Orb.
     0 | D:1      | Reached XP level 1. HP: 16/16 MP: 3/3
   450 | D:1      | Reached XP level 2. HP: 23/23 MP: 5/5
  1045 | D:1      | Reached XP level 3. HP: 28/28 MP: 6/6
  1808 | D:2      | Learned a level 2 spell: Sticks to Snakes
  1812 | D:2      | Learned a level 3 spell: Spider Form
  1978 | D:2      | Found a sacrificial altar of Ru.
  2097 | D:2      | Reached skill level 4 in Unarmed Combat
  2097 | D:2      | Reached XP level 4. HP: 13/35 MP: 4/7
  2098 | D:2      | HP: 1/35 [something (6)]
  2105 | D:2      | Slain by a centaur

Vault maps used:
D:1:      scummos_arrival_gate
D:2:      nicolae_ru_great_annihilating_truth, minitemple, minmay_tromino_mix6

Skill      XL: |  1  2  3 |
---------------+----------+-----
Transmutations | 3 |  3.2
Unarmed Combat | 4 |  4.0
Fighting       | |  1.1
Dodging        | |  1.7
Spellcasting   | |  2.6

Action                   |  1- 3 |  4- 6 || total
-------------------------+-------+-------++-------
Melee: Hand axe          |    83 |       ||    83
       Unarmed           |     8 |       ||     8
       Tailslap          |    13 |       ||    13
       Punch             |     2 |       ||     2
       Headbutt          |     3 |       ||     3
       Dagger            |    57 |     3 ||    60
 Cast: Beastly Appendage |     9 |       ||     9
  Use: Scroll            |     3 |       ||     3
       Potion            |       |     2 ||     2
 Stab: Sleeping          |     4 |       ||     4
  Eat: Chunk             |     3 |       ||     3
Armor: Skin              |    37 |     1 ||    38
Dodge: Dodged            |    89 |    16 ||   105

Table legend:
 A = Spawn XP
 B = Non-spawn XP
 C = Spawn XP percentage of total XP
 D = Spawn monster count
 E = Non-spawn monster count
 F = Spawn count percentage of total count
 G = Total turns spent on level
                    A         B        C        D         E        F      G
               +---------+---------+-------+---------+---------+-------+---------
         Total |       0 |     129 |   0.0 |       0 |      44 |   0.0 |  2105
               +---------+---------+-------+---------+---------+-------+---------
           D:1 |       0 |      58 |   0.0 |       0 |      29 |   0.0 |  1508
           D:2 |       0 |      71 |   0.0 |       0 |      15 |   0.0 |   597
               +---------+---------+-------+---------+---------+-------+---------
